% Time on Ice - VICTORIA GLADIATORS
Lines # - Real PCT - Wanted PCT - Time Play
Normal Forward
1 - 31% - 36% - 14:19
2 - 28% - 33% - 13:01
3 - 26% - 24% - 11:52
4 - 15% - 7% - 6:55
Normal Defense
1 - 34% - 40% - 15:49
2 - 36% - 35% - 16:45
3 - 29% - 25% - 13:33
4 - 0% - 0% - 0:00
PP Forward
1 - 64% - 55% - 7:39
2 - 36% - 45% - 4:15
PP Defense
1 - 59% - 55% - 6:58
2 - 41% - 45% - 4:56
PK Forward
1 - 79% - 60% - 1:34
2 - 21% - 40% - 0:25
PK Defense
1 - 77% - 60% - 1:32
2 - 23% - 40% - 0:27
PK3 Forward
1 - 0% - 52%
2 - 0% - 48%
PK3 Defense
1 - 0% - 52%
2 - 0% - 48%
44 Forward
1 - 0% - 52%
2 - 0% - 48%
44 Defense
1 - 0% - 52%
2 - 0% - 48%
Last Minute Offensive  - 0:00
Last Minute Defensive  - 0:00
Total
Forward - 60:00
Defense - 60:00
% Time on Ice - SAN FRANCISCO SPIDERS
Lines # - Real PCT - Wanted PCT - Time Play
Normal Forward
1 - 35% - 38% - 15:57
2 - 32% - 37% - 14:33
3 - 22% - 20% - 10:07
4 - 12% - 5% - 5:30
Normal Defense
1 - 36% - 38% - 16:47
2 - 34% - 37% - 15:42
3 - 27% - 15% - 12:30
4 - 2% - 10% - 1:08
PP Forward
1 - 49% - 55% - 0:58
2 - 51% - 45% - 1:01
PP Defense
1 - 51% - 55% - 1:01
2 - 49% - 45% - 0:58
PK Forward
1 - 62% - 55% - 7:26
2 - 38% - 45% - 4:28
PK Defense
1 - 48% - 55% - 5:46
2 - 52% - 45% - 6:08
PK3 Forward
1 - 0% - 55%
2 - 0% - 45%
PK3 Defense
1 - 0% - 55%
2 - 0% - 45%
44 Forward
1 - 0% - 55%
2 - 0% - 45%
44 Defense
1 - 0% - 55%
2 - 0% - 45%
Last Minute Offensive  - 0:00
Last Minute Defensive  - 0:00
Total
Forward - 60:00
Defense - 60:00
Play-by-Play 1st period 0:01 of 1st period - Bo Horvat wins face-off versus Mikael Granlund in neutral zone. 0:04 of 1st period - Shot by Zach Hyman. 0:04 of 1st period - Shot Blocked by Justin Faulk. 0:16 of 1st period - Shot by Zach Hyman. 0:16 of 1st period - Shot Misses the Net. 0:28 of 1st period - Shot by Brady Tkachuk. 0:28 of 1st period - Shot Misses the Net. 0:46 of 1st period - Shot by Bo Horvat. 0:46 of 1st period - Stopped by Jake Oettinger without a rebound. 0:47 of 1st period - Sebastian Aho wins face-off versus Mark Scheifele in VICTORIA GLADIATORS zone. 0:54 of 1st period - Shot by Andrei Svechnikov. 0:54 of 1st period - Shot Misses the Net. 0:56 of 1st period - Shot by Sebastian Aho. 0:56 of 1st period - Shot Misses the Net. 1:06 of 1st period - Shot by Andrei Svechnikov. 1:06 of 1st period - Shot Misses the Net. 1:22 of 1st period - Shot by Sebastian Aho. 1:22 of 1st period - Stopped by Jake Oettinger without a rebound. 1:23 of 1st period - Adam Lowry wins face-off versus Jack Roslovic in VICTORIA GLADIATORS zone. 1:25 of 1st period - Icing by Barclay Goodrow. 1:26 of 1st period - Adam Lowry wins face-off versus Jack Roslovic in VICTORIA GLADIATORS zone. 2:07 of 1st period - Shot by Viktor Arvidsson. 2:07 of 1st period - Shot Blocked by Justin Holl. 2:26 of 1st period - Icing by Ivan Provorov. 2:27 of 1st period - Noel Acciari wins face-off versus Sebastian Aho in VICTORIA GLADIATORS zone. 2:41 of 1st period - Icing by Brock McGinn. 2:42 of 1st period - Noel Acciari wins face-off versus Bo Horvat in VICTORIA GLADIATORS zone. 2:42 of 1st period - Noel Acciari is hit by Brady Tkachuk. 3:08 of 1st period - Shot by Zach Hyman. 3:08 of 1st period - Goal by Zach Hyman - VICTORIA GLADIATORS : 0 - SAN FRANCISCO SPIDERS : 1. 3:09 of 1st period - Sebastian Aho wins face-off versus Mark Scheifele in neutral zone. 3:09 of 1st period - Sebastian Aho is hit by Jason Zucker. 3:18 of 1st period - Icing by Brandon Montour. 3:19 of 1st period - Mark Scheifele wins face-off versus Dakota Joshua in VICTORIA GLADIATORS zone. 4:33 of 1st period - Off-side. 4:34 of 1st period - Adam Lowry wins face-off versus Andrei Svechnikov in neutral zone. 4:40 of 1st period - Shot by Tyler Myers. 4:40 of 1st period - Stopped by Igor Shesterkin without a rebound. 4:41 of 1st period - Bo Horvat wins face-off versus Mikael Granlund in SAN FRANCISCO SPIDERS zone. 4:46 of 1st period - Shot by Brady Tkachuk. 4:46 of 1st period - Stopped by Jake Oettinger without a rebound. 4:47 of 1st period - Bo Horvat wins face-off versus David Pastrnak in VICTORIA GLADIATORS zone. 5:13 of 1st period - Shot by Bo Horvat. 5:13 of 1st period - Stopped by Jake Oettinger without a rebound. 5:14 of 1st period - Adam Lowry wins face-off versus Andrei Svechnikov in VICTORIA GLADIATORS zone. 5:45 of 1st period - Shot by Adam Lowry. 5:45 of 1st period - Stopped by Igor Shesterkin without a rebound. 5:46 of 1st period - Mikael Granlund wins face-off versus Brady Tkachuk in SAN FRANCISCO SPIDERS zone. 7:04 of 1st period - Shot by Brad Marchand. 7:04 of 1st period - Goal by Brad Marchand - VICTORIA GLADIATORS : 1 - SAN FRANCISCO SPIDERS : 1. 7:05 of 1st period - Jack Roslovic wins face-off versus Barclay Goodrow in neutral zone. 7:22 of 1st period - Shot by Barclay Goodrow. 7:22 of 1st period - Goal by Barclay Goodrow - VICTORIA GLADIATORS : 2 - SAN FRANCISCO SPIDERS : 1. 7:23 of 1st period - Sebastian Aho wins face-off versus Mark Scheifele in neutral zone. 7:34 of 1st period - Shot by Mark Scheifele. 7:34 of 1st period - Shot Misses the Net. 7:40 of 1st period - Shot by Brad Marchand. 7:40 of 1st period - Shot Misses the Net. 7:50 of 1st period - Shot by Mark Scheifele. 7:50 of 1st period - Stopped by Igor Shesterkin without a rebound. 7:51 of 1st period - Bo Horvat wins face-off versus Mikael Granlund in SAN FRANCISCO SPIDERS zone. 7:57 of 1st period - Off-side. 7:58 of 1st period - Mikael Granlund wins face-off versus Jack Roslovic in neutral zone. 8:05 of 1st period - Shot by Mikael Granlund. 8:05 of 1st period - Stopped by Igor Shesterkin without a rebound. 8:06 of 1st period - Mark Scheifele wins face-off versus Bo Horvat in SAN FRANCISCO SPIDERS zone. 8:06 of 1st period - Mark Scheifele is hit by Brenden Dillon. 8:14 of 1st period - Zach Hyman is hit by Brad Marchand and loses puck. 8:23 of 1st period - Shot by Brad Marchand. 8:23 of 1st period - Shot Misses the Net. 8:24 of 1st period - Minor Penalty to Brenden Dillon for Holding. 8:25 of 1st period - Zach Hyman wins face-off versus Brad Marchand in SAN FRANCISCO SPIDERS zone. 8:49 of 1st period - Icing by Brad Marchand. 8:50 of 1st period - Mikael Granlund wins face-off versus Zach Hyman in VICTORIA GLADIATORS zone. 8:55 of 1st period - Michael Anderson is hit by Brad Marchand and loses puck. 9:04 of 1st period - Shot by Brandon Montour. 9:04 of 1st period - Stopped by Igor Shesterkin without a rebound. 9:05 of 1st period - Sebastian Aho wins face-off versus Mark Scheifele in SAN FRANCISCO SPIDERS zone. 9:22 of 1st period - Shot by Ivan Provorov. 9:22 of 1st period - Shot Blocked by Jack Roslovic. 9:43 of 1st period - Icing by Ivan Provorov. 9:44 of 1st period - Sebastian Aho wins face-off versus Frank Vatrano in VICTORIA GLADIATORS zone. 10:15 of 1st period - Shot by Mikael Granlund. 10:15 of 1st period - Deflect By Brad Marchand. 10:15 of 1st period - Shot Misses the Net. 10:17 of 1st period - Shot by Brandon Montour. 10:17 of 1st period - Stopped by Igor Shesterkin with a rebound. 10:19 of 1st period - Shot by Brandon Montour. 10:19 of 1st period - Shot Misses the Net. 10:21 of 1st period - Shot by Mikael Granlund. 10:21 of 1st period - Shot Blocked by Brock Faber. 10:23 of 1st period - Shot by Brandon Montour. 10:23 of 1st period - Stopped by Igor Shesterkin without a rebound. 10:24 of 1st period - Bo Horvat wins face-off versus Noel Acciari in SAN FRANCISCO SPIDERS zone. 10:56 of 1st period - Shot by Cole Smith. 10:56 of 1st period - Stopped by Igor Shesterkin without a rebound. 10:57 of 1st period - Sebastian Aho wins face-off versus Adam Lowry in SAN FRANCISCO SPIDERS zone. 11:04 of 1st period - Shot by Jared McCann. 11:04 of 1st period - Shot Misses the Net. 11:54 of 1st period - Shot by Mikael Granlund. 11:54 of 1st period - Shot Misses the Net. 11:56 of 1st period - Shot by Mikael Granlund. 11:56 of 1st period - Shot Blocked by Brock Faber. 12:02 of 1st period - Shot by Mikael Granlund. 12:02 of 1st period - Shot Misses the Net. 12:04 of 1st period - Shot by Justin Faulk. 12:04 of 1st period - Shot Misses the Net. 12:06 of 1st period - Shot by Justin Faulk. 12:06 of 1st period - Shot Misses the Net. 12:08 of 1st period - Shot by Frank Vatrano. 12:08 of 1st period - Shot Misses the Net. 12:10 of 1st period - Shot by David Pastrnak. 12:10 of 1st period - Shot Misses the Net. 12:12 of 1st period - Shot by Brandon Montour. 12:12 of 1st period - Shot Misses the Net. 12:22 of 1st period - Shot by David Pastrnak. 12:22 of 1st period - Stopped by Igor Shesterkin with a rebound. 12:34 of 1st period - Shot by Mikael Granlund. 12:34 of 1st period - Shot Misses the Net. 12:52 of 1st period - Shot by Mark Scheifele. 12:52 of 1st period - Deflect By Brad Marchand. 12:52 of 1st period - Shot Misses the Net. 13:13 of 1st period - Off-side. 13:14 of 1st period - Adam Lowry wins face-off versus Jack Roslovic in neutral zone. 13:22 of 1st period - Adam Lowry is hit by Erik Gudbranson and loses puck. 13:27 of 1st period - Shot by Barclay Goodrow. 13:27 of 1st period - Deflect By Alex Iafallo. 13:27 of 1st period - Shot Misses the Net. 13:29 of 1st period - Shot by Adam Lowry. 13:29 of 1st period - Shot Misses the Net. 13:56 of 1st period - Icing by Erik Gudbranson. 13:57 of 1st period - Mikael Granlund wins face-off versus Jack Roslovic in SAN FRANCISCO SPIDERS zone. 14:03 of 1st period - Icing by Erik Gudbranson. 14:04 of 1st period - Mark Scheifele wins face-off versus Jack Roslovic in SAN FRANCISCO SPIDERS zone. 14:04 of 1st period - Brad Marchand is hit by Erik Gudbranson and loses puck. 15:08 of 1st period - Shot by Frank Vatrano. 15:08 of 1st period - Stopped by Igor Shesterkin with a rebound. 15:10 of 1st period - Shot by Mikael Granlund. 15:10 of 1st period - Stopped by Igor Shesterkin without a rebound. 15:11 of 1st period - Bo Horvat wins face-off versus Mikael Granlund in SAN FRANCISCO SPIDERS zone. 15:33 of 1st period - Bo Horvat is hit by Tyler Myers and loses puck. 15:46 of 1st period - Shot by Frank Vatrano. 15:46 of 1st period - Stopped by Igor Shesterkin without a rebound. 15:47 of 1st period - Adam Lowry wins face-off versus Jared McCann in SAN FRANCISCO SPIDERS zone. 15:50 of 1st period - Shot by Alex Iafallo. 15:50 of 1st period - Shot Misses the Net. 17:03 of 1st period - Zach Hyman is hit by Jan Rutta and loses puck. 17:13 of 1st period - Zach Hyman is hit by Jan Rutta. 17:20 of 1st period - Minor Penalty to Jan Rutta for High sticking. 17:21 of 1st period - Noel Acciari wins face-off versus Sebastian Aho in VICTORIA GLADIATORS zone. 17:21 of 1st period - Noel Acciari is hit by Andrei Svechnikov. 17:56 of 1st period - Icing by Jared McCann. 17:57 of 1st period - Sebastian Aho wins face-off versus Brock McGinn in SAN FRANCISCO SPIDERS zone. 18:24 of 1st period - Shot by Zach Hyman. 18:24 of 1st period - Shot Misses the Net. 19:19 of 1st period - Icing by Zach Hyman. 19:20 of 1st period - Jack Roslovic wins face-off versus David Pastrnak in SAN FRANCISCO SPIDERS zone. 19:20 of 1st period - Jack Roslovic is hit by Frank Vatrano. 19:57 of 1st period - Icing by Jack Roslovic. 19:58 of 1st period - Mark Scheifele wins face-off versus Jack Roslovic in SAN FRANCISCO SPIDERS zone. Goals for this period are 2 for VICTORIA GLADIATORS vs 1 for SAN FRANCISCO SPIDERS. Shots for this period are 14 for VICTORIA GLADIATORS vs 5 for SAN FRANCISCO SPIDERS. 2nd period 0:01 of 2nd period - Bo Horvat wins face-off versus Mark Scheifele in neutral zone. 0:23 of 2nd period - Shot by Mark Scheifele. 0:23 of 2nd period - Shot Misses the Net. 1:07 of 2nd period - Icing by Tyler Myers. 1:08 of 2nd period - Mark Scheifele wins face-off versus Jack Roslovic in VICTORIA GLADIATORS zone. 1:27 of 2nd period - Shot by Kyle Palmieri. 1:27 of 2nd period - Shot Hit the Post. 1:29 of 2nd period - Shot by Erik Gudbranson. 1:29 of 2nd period - Shot Blocked by Justin Faulk. 2:24 of 2nd period - Andrei Svechnikov is hit by Adam Lowry and loses puck. 2:32 of 2nd period - Icing by Sebastian Aho. 2:33 of 2nd period - Sebastian Aho wins face-off versus Noel Acciari in SAN FRANCISCO SPIDERS zone. 2:56 of 2nd period - Shot by Jared McCann. 2:56 of 2nd period - Stopped by Jake Oettinger without a rebound. 2:57 of 2nd period - Bo Horvat wins face-off versus Adam Lowry in VICTORIA GLADIATORS zone. 3:58 of 2nd period - Icing by Darnell Nurse. 3:59 of 2nd period - Bo Horvat wins face-off versus David Pastrnak in SAN FRANCISCO SPIDERS zone. 3:59 of 2nd period - Bo Horvat is hit by Mikael Granlund. 4:28 of 2nd period - Icing by Justin Faulk. 4:29 of 2nd period - Mikael Granlund wins face-off versus Sebastian Aho in VICTORIA GLADIATORS zone. 4:33 of 2nd period - Off-side. 4:34 of 2nd period - Sebastian Aho wins face-off versus Mark Scheifele in